 Dungeon Crawl Stone Soup version 0.31-a0-331-geda263fcf1 (webtiles) character file.

Game seed: 5748847699788527367

111 mopl the Changeling (level 4, -11/30 HPs)
             Began as an Octopode Shapeshifter on July 19, 2023.
             Mangled by an ice beast (12 damage)
             ... on level 4 of the Dungeon.
             The game lasted 00:01:27 (1493 turns).

mopl the Changeling (Octopode Shapeshifter)         Turns: 1493, Time: 00:01:28

Health: -11/30     AC:  1    Str: 14    XL:     4   Next: 92%
Magic:  4/4        EV: 13    Int: 16    God:
Gold:   117        SH:  0    Dex: 14    Spells: 3/3 levels left

rFire   . .          .
                       - Unarmed
rCold   . . .        (no shield)
rNeg    . . .        (helmet currently unavailable)
rPois   .            (no amulet)
rElec   .            g - +6 ring of intelligence
rCorr   .            (no ring)
SInv    .            (no ring)
Will    .....        (no ring)
Stlth   ++           (no ring)
HPRegen 0.25/turn    (no ring)
MPRegen 0.09/turn    (no ring)
                     (no ring)

%: no passive effects
@: beast-form
A: beast (slay +2), almost no armour, amphibious, 8 rings, camouflage 1,
gelatinous body 1, (nimble swimmer 1), tentacles
a: Begin Untransformation


You were on level 4 of the Dungeon.
You were a hulking beast.
You visited 1 branch of the dungeon, and saw 3 of its levels.

You collected 117 gold pieces.

Inventory:

Missiles
 j - 3 poisoned darts (quivered)
Jewellery
 g - a +6 ring of intelligence (left tentacle)
 n - a ring of ice
Talismans
 b - a beast talisman
Scrolls
 c - a scroll of teleportation {unknown}
 e - 2 scrolls of enchant weapon {unknown}
 f - a scroll of fog {unknown}
 h - a scroll of noise {unknown}
 i - a scroll of silence {unknown}
 k - a scroll of fear {unknown}
 l - a scroll of poison {unknown}
 m - a scroll of identify {unknown}
Potions
 a - a potion of lignification {!q}
 d - a potion of heal wounds {unknown}


   Skills:
 + Level 2.6 Fighting
 + Level 2.7 Dodging
 * Level 3.2 Unarmed Combat
 * Level 3.6 Shapeshifting


You had 3 spell levels left.
You didn't know any spells.
Your spell library contained the following spells:

 Spells                   Type           Power      Damage    Failure   Level
 Blink                    Tloc           0%         N/A       36%         2
 Lesser Beckoning         Tloc           0%         N/A       36%         2
 Momentum Strike          Conj/Tloc      0%         3d8       36%         2


Dungeon Overview and Level Annotations

Branches:
Dungeon (4/15)
 Temple: D:4-7

Altars:


Innate Abilities, Weirdness & Mutations

You are a hulking beast.
Your limbs bulge with bestial killing power. (Slay +2)
You cannot wear most types of armour.
You are amphibious.
You can wear up to eight rings at the same time.
Your skin changes colour to match your surroundings (Stealth+).
Your rubbery body absorbs attacks. (AC +1, EV +1)
((You are camouflaged when in or above water. (Stealth+)))
You have tentacles for arms and can constrict up to eight enemies at once.


Message History

Found 10 gold pieces.
Found a stone staircase leading up.
A kobold comes into view. It is wielding a +0 dagger.
The helpless kobold fails to defend itself.
You tentacle-slap the kobold but do no damage.
Your grab misses the kobold. You tentacle-slap the kobold.
You kill the kobold!
No target in view!
You now have 117 gold pieces (gained 10).
You enter the shallow water.
You enter the shallow water.
Found 7 gold pieces.
An iguana comes into view.
The iguana hisses angrily.
You enter the shallow water.
An ice beast comes into view.
The iguana closely misses you.
You tentacle-slap the iguana but do no damage.
Your grab misses the iguana. The iguana completely misses you.
You tentacle-slap the iguana. Your grab misses the iguana.
You squeeze the iguana!
You kill the iguana!
The helpless ice beast fails to defend itself.
You bludgeon the ice beast!
The ice beast is moderately wounded.
The ice beast hits you. The ice beast freezes you!
You are too injured to fight recklessly!
You are too injured to fight recklessly!
You tentacle-slap the ice beast.
The ice beast is moderately wounded.
The ice beast hits you. The ice beast freezes you!
* * * LOW HITPOINT WARNING * * *
You tentacle-slap the ice beast.
The ice beast is heavily wounded.
The ice beast closely misses you.
You tentacle-slap the ice beast. You squeeze the ice beast!
The ice beast is almost dead.
The ice beast hits you.
* * * LOW HITPOINT WARNING * * *
The ice beast freezes you!
You die...

## .### ...# .###
..## ..... ...#
.....##..#
#.......Y#
#..#...h.##
...##.#...#
#.........###
..##........####
#....~≈~..~..##
#...~≈~~.~~.~≈
#...†~~~~~♣.###
.......~.~~~.♣~~#
....#.##≈~..~~~.#


You could see an ice beast.

Vanquished Creatures
  An iguana (D:4)
  4 gnolls
  2 worms (D:2)
  A ball python (D:1)
  6 bats
  4 endoplasms
  4 giant cockroaches
  3 goblins
  4 hobgoblins
  3 jackals (D:2)
  3 kobolds
  2 frilled lizards (D:1)
  A rat (D:1)
38 creatures vanquished.

Notes
Turn   | Place    | Note
-------+----------+-------------------------------------------
     0 | D:1      | mopl the Octopode Shapeshifter began the quest for the Orb.
     0 | D:1      | Reached XP level 1. HP: 14/14 MP: 1/1
   174 | D:1      | Reached XP level 2. HP: 9/19 MP: 2/2
   367 | D:1      | Noticed a golden eye
   369 | D:1      | Found a faded altar of an unknown god.
   371 | D:1      | Noticed an eye of devastation
   423 | D:1      | Noticed an eye of devastation
   423 | D:1      | Noticed an eye of devastation
   795 | D:2      | Reached XP level 3. HP: 7/24 MP: 3/3
  1160 | D:1      | Reached XP level 4. HP: 19/30 MP: 4/4
  1211 | D:2      | Reached skill level 3 in Unarmed Combat
  1465 | D:2      | You fall into a shaft and drop 2 floors!
  1480 | D:4      | Noticed an ice beast
  1493 | D:4      | HP: 1/30 [ice beast (5)]
  1493 | D:4      | Mangled by an ice beast

Illustrated notes

Levels and vault maps discovered:
D:1:      dpeg_arrival_simpleton_c, layout_loops_cross,
          hellmonk_ecumenical_altar_watching_god, hangedman_decor_lopped,
          serial_bayou_crossing
D:2:      layout_basic
D:4:      layout_cave_pools, nicolae_sif_muna_condensation,
          minmay_temple_entry_arrows, serial_rivers,
          chequers_serial_rivers_marsh, chequers_serial_rivers_micro_c,
          chequers_serial_rivers_micro_c, chequers_serial_rivers_small_b,
          amethyst_killhole

Skill      XL: |  1  2  3  4 |
---------------+-------------+-----
Unarmed Combat | 3 |  3.2
Fighting       | |  2.6
Dodging        | |  2.7
Shapeshifting  | |  3.6

Action                     |  1- 3 |  4- 6 || total
---------------------------+-------+-------++-------
  Melee: Unarmed           |    58 |    21 ||    79
         Constrict         |    15 |     3 ||    18
         Tentacles         |    12 |     3 ||    15
   Stab: Sleeping          |     4 |     2 ||     6
 Armour: Skin              |     5 |       ||     5
  Dodge: Dodged            |    30 |     7 ||    37

Table legend: (Time is in decaauts)
 A = Elapsed time spent in this place.
 B = Non-inter-level travel time spent in this place.
 C = Inter-level travel time spent in this place.
 D = Time resting spent in this place.
 E = Time spent auto-exploring this place.
 F = Levels seen in this place.
 G = Mean time per level.
                   A        B        C        D        E       F      G
               +--------+--------+--------+--------+--------+-----+--------+
         Total |   1490 |   1442 |     48 |    354 |    823 |   3 |  496.7 |
       Dungeon |   1490 |   1442 |     48 |    354 |    823 |   3 |  496.7 |
               +--------+--------+--------+--------+--------+-----+--------+

Top non-repeatable levels by time:
     D:1: 937 daAuts
     D:2: 526 daAuts
     D:4: 27 daAuts
